 Dungeon Sprint DCSS version 0.23-a0-586-gacb4b3f (webtiles) character file.

1000 JosiahThimblerig the Protected (level 8, -9/81 HPs)
             Began as a Hill Orc Fighter on Dec 18, 2018.
             Was an Initiate of Vehumet.
             Mangled by a deep troll (17 damage)
             ... in the Dungeon (Sprint I: "Red Sonja").
             The game lasted 00:06:18 (1252 turns).

JosiahThimblerig the Protected (Hill Orc Fighter)   Turns: 1252, Time: 00:06:19

Health: -9/81      AC:  9    Str: 19    XL:     8   Next: 19%
Magic:  8/8        EV: 10    Int: 10    God:    Vehumet [......]
Gold:   38         SH: 11    Dex: 10    Spells: 7/7 levels left

rFire    . . .     SeeInvis .   a - +0 war axe
rCold    . . .     Gourm    .   c - +0 shield
rNeg     . . .     Faith    .   b - +0 scale mail
rPois    .         Spirit   .   (no helmet)
rElec    .         Reflect  .   (no cloak)
rCorr    .         Harm     .   (no gloves)
MR       .....     NoTele   +   (no boots)
Stlth    ..........             (no amulet)
HPRegen  0.23/turn              (no ring)
MPRegen  0.11/turn              (no ring)

@: lethally poisoned (-9 -> -9)
A: no striking features
a: Renounce Religion


You were in the Dungeon.
You worshipped Vehumet.
Vehumet was noncommittal.
You were not hungry.

You visited 1 branch You collected 338 gold pieces.
You spent 300 gold pieces at shops.

Inventory:

Hand Weapons
 a - a +0 war axe (weapon)
 d - a +0 scythe
 g - a +0 blowgun
 h - a +0 giant spiked club
 m - a +0 dagger
 q - a +1 short sword of draining
Missiles
 o - 33 stones (quivered)
 r - 3 curare-tipped needles
Armour
 b - a +0 scale mail (worn)
 c - a +0 shield (worn)
 e - a +0 robe
 n - a +0 scale mail
Wands
 p - a wand of acid (4)
Scrolls
 f - a scroll of remove curse
 k - a scroll of blinking
Potions
 i - 2 potions of magic
 j - a potion of berserk rage
 l - a potion of flight {unknown}


   Skills:
 + Level 10.8 Fighting
 + Level 10.6 Axes
 + Level 11.1 Armour
 + Level 3.0 Dodging
 + Level 9.0 Shields
 + Level 0.5 Evocations


You had 7 spell levels left.
You didn't know any spells.
Your spell library was empty.

Dungeon Overview and Level Annotations

Branches:
Dungeon (1/1)

Altars:
Cheibriados
Dithmenos
Elyvilon
Fedhas
Gozag
Hepliaklqana
Kikubaaqudgha
Nemelex Xobeh
Okawaru
Qazlal
Ru
Sif Muna
Trog
Uskayaw
Vehumet
Wu Jian
Yredelemnul
Zin
The Shining One

Shops:
D *


Message History

The deep troll is moderately wounded.
The deep troll bites you!
* * * LOW HITPOINT WARNING * * *
You block the deep troll's attack. The deep troll claws you!
* * * LOW HITPOINT WARNING * * *
The deep troll misses you.
The deep troll claws you but does no damage.
You block the deep troll's attack.
Okay, then.
You feel sick.
You block the deep troll's attack. x2; The deep troll closely misses you.
You feel yourself speed up.
There is an open door here.
You see here the kobold corpse of Sonja.
You closely miss the deep troll.
The deep troll is lightly wounded.
You feel sick.
The deep troll is no longer covered in acid.
The deep troll bites you!
You die...

#<.#..'..#..'..#
#..'..#..'..#..+
#..#####'#####'#
#..####..#...#.#
#..#__####..##.#
#..#_____##'#_.+
#⌠⌠#_.∩...'..._#
####_..__##_.#'#
#_____###@#.#
#########T####+###
+$..'$$.$$+
#$.$####### ##.##
#+#


You could see a deep troll.

Vanquished Creatures
  Sonja (D)
  Sigmund (D)
  A yak (D)
  An ogre (D)
  A jelly (D)
  Ijyb (D)
6 creatures vanquished.

Notes
Turn   | Place    | Note
-------+----------+-------------------------------------------
     0 | D        | JosiahThimblerig the Hill Orc Fighter began the quest for
                  | the Orb.
     0 | D        | Reached XP level 1. HP: 19/19 MP: 1/1
     2 | D        | Noticed Ijyb
    22 | D        | Killed Ijyb
    22 | D        | Reached skill level 5 in Fighting
    22 | D        | Reached skill level 4 in Armour
    22 | D        | Reached XP level 2. HP: 19/29 MP: 2/2
    22 | D        | Reached XP level 3. HP: 24/36 MP: 3/3
   166 | D        | Noticed an ogre
   175 | D        | Killed an ogre
   175 | D        | Reached skill level 5 in Axes
   175 | D        | Reached skill level 6 in Armour
   175 | D        | Reached skill level 5 in Shields
   175 | D        | Reached XP level 4. HP: 26/45 MP: 4/4
   407 | D        | Noticed Sigmund
   428 | D        | Killed Sigmund
   428 | D        | Reached skill level 8 in Armour
   428 | D        | Reached XP level 5. HP: 13/56 MP: 5/5
   428 | D        | Reached XP level 6. HP: 14/62 MP: 6/6
   874 | D        | Found an ornate altar of the Wu Jian Council.
   874 | D        | Found a deep blue altar of Sif Muna.
   876 | D        | Found a radiant altar of Vehumet.
   879 | D        | Reached skill level 1 in Dodging
   906 | D        | Found Vaeclov's General Store.
   906 | D        | Found an ancient bone altar of Kikubaaqudgha.
   906 | D        | Found a hazy altar of Hepliaklqana.
   906 | D        | Found a hide-covered altar of Uskayaw.
   906 | D        | Found a basalt altar of Yredelemnul.
   906 | D        | Found an opulent altar of Gozag.
   906 | D        | Found a snail-covered altar of Cheibriados.
   906 | D        | Found a sacrificial altar of Ru.
   906 | D        | Found a shadowy altar of Dithmenos.
   906 | D        | Noticed a yak
   907 | D        | Found a stormy altar of Qazlal.
   907 | D        | Found a blossoming altar of Fedhas.
   907 | D        | Found a bloodstained altar of Trog.
   907 | D        | Found an iron altar of Okawaru.
   907 | D        | Found a glowing golden altar of the Shining One.
   907 | D        | Found a glowing silver altar of Zin.
   907 | D        | Found a white marble altar of Elyvilon.
   909 | D        | Became a worshipper of Vehumet
   925 | D        | Killed a yak
   925 | D        | Reached skill level 9 in Armour
  1217 | D        | Found a sparkling altar of Nemelex Xobeh.
  1221 | D        | Bought a scroll of remove curse for 36 gold pieces
  1221 | D        | Bought a wand of acid (7) for 264 gold pieces
  1228 | D        | Noticed Sonja
  1235 | D        | Killed Sonja
  1235 | D        | Reached skill level 10 in Fighting
  1235 | D        | Reached skill level 10 in Axes
  1235 | D        | Reached skill level 11 in Armour
  1235 | D        | Reached XP level 7. HP: 49/73 MP: 7/7
  1235 | D        | Reached XP level 8. HP: 55/81 MP: 8/8
  1244 | D        | Noticed a deep troll
  1252 | D        | Mangled by a deep troll

Vault maps used:
D:        dungeon_sprint_1

Skill      XL: |  1  2  3  4  5  6 |
---------------+-------------------+-----
Fighting       | 5 6 8 10 | 10.8
Axes           | 4 5 7 10 | 10.6
Armour         | 4 6 8 11 | 11.1
Shields        | 4 5 7 9 |  9.0
Dodging        | 3 |  3.0
Evocations     | |  0.5

Action                   |  1- 3 |  4- 6 |  7- 9 || total
-------------------------+-------+-------+-------++-------
Melee: War axe           |    27 |    31 |     3 ||    61
Evoke: Wand              |       |     2 |     1 ||     3
  Use: Potion            |     1 |     3 |       ||     4
  Eat: Ration            |       |     1 |       ||     1
Armor: Scale mail        |     9 |     9 |     3 ||    21
Dodge: Dodged            |     7 |     8 |     5 ||    20
Block: Shield            |     8 |    18 |     6 ||    32

Table legend:
 A = Non-vault XP
 B = Vault XP
 C = Vault XP percentage of total XP
 D = Non-vault monster count
 E = Vault monster count
 F = Vault count percentage of total count
                 A         B        C        D         E       F
            +---------+---------+-------+---------+---------+-------
      Total |       0 |    1429 | 100.0 |       0 |       6 | 100.0
            +---------+---------+-------+---------+---------+-------
          D |       0 |    1429 | 100.0 |       0 |       6 | 100.0
            +---------+---------+-------+---------+---------+-------
